 Dungeon Crawl Stone Soup version 0.23.1-38-g628c18f (webtiles) character file.

Game seed: 18109479090681791145

80 Borgoz the Cutter (level 4, -1/27 HPs)
             Began as a Kobold Gladiator on Mar 28, 2019.
             Slain by an adder (2 damage)
             ... on level 2 of the Dungeon.
             The game lasted 00:02:16 (1671 turns).

Borgoz the Cutter (Kobold Gladiator)                Turns: 1671, Time: 00:02:17

Health: -1/27      AC:  4    Str: 12    XL:     4   Next: 65%
Magic:  4/4        EV: 16    Int:  9    God:
Gold:   83         SH:  0    Dex: 16    Spells: 3/3 levels left

rFire    . . .     SeeInvis .   a - +0 rapier
rCold    . . .     Gourm    .   (shield restricted)
rNeg     . . .     Faith    .   b - +0 leather armour
rPois    .         Spirit   .   c - +0 helmet
rElec    .         Reflect  .   (no cloak)
rCorr    .         Harm     .   (no gloves)
MR       .....                  (no boots)
Stlth    ++........             (no amulet)
HPRegen  0.09/turn              (no ring)
MPRegen  0.09/turn              (no ring)

@: lethally poisoned (-1 -> -15)
A: small, carnivore
a: no special abilities


You were on level 2 of the Dungeon.
You were completely stuffed.

You visited 1 branch of the dungeon, and saw 2 of its levels.

You collected 83 gold pieces.

Inventory:

Hand Weapons
 a - a +0 rapier (weapon)
Missiles
 d - 3 throwing nets (quivered)
Armour
 b - a +0 leather armour (worn)
 c - a +0 helmet (worn)
Scrolls
 g - a scroll of noise {unknown}
 h - a scroll of fear {unknown}
 j - 2 scrolls of teleportation {unknown}
 l - a scroll of fog {unknown}
Potions
 e - a potion of flight
Comestibles
 f - a ration
 i - 3 chunks of flesh


   Skills:
 + Level 2.6 Fighting
 * Level 4.7 Short Blades
 + Level 2.5 Throwing
 * Level 1.3 Armour
 * Level 4.3 Dodging
 + Level 1.3 Stealth


You had 3 spell levels left.
You didn't know any spells.
Your spell library was empty.

Dungeon Overview and Level Annotations

Branches:
Dungeon (2/15)

Altars:
Makhleb


Innate Abilities, Weirdness & Mutations

You are small and have problems with some larger weapons.
You are carnivorous and can eat meat at any time.


Message History

* * * LOW HITPOINT WARNING * * *
You feel sick. The adder misses you. x2
You barely miss the adder.
The adder is almost dead.
* * * LOW HITPOINT WARNING * * *
You feel sick. The adder barely misses you.
It was a potion of flight.
You feel very buoyant.
You fly up into the air.
* * * LOW HITPOINT WARNING * * *
You feel sick. The adder misses you.
It was a potion of cancellation.
Your magical effects are unravelling.
You feel magically purged.
You float gracefully downwards.
* * * LOW HITPOINT WARNING * * *
You feel sick. The adder bites you.
* * * LOW HITPOINT WARNING * * *
You are more poisoned.
The adder poisons you! The adder bites you.
You die...

.........#..........$...
########.#.....$........
........................
........#..........?....
........#........)......
........##...#+#........
........ #...# #hK..####
.............# #S####
####+######..# #@# #..#
#.# ..# .### #. #


You could see an adder, a jackal and a kobold.

Vanquished Creatures
  4 gnolls
  An adder (D:2)
  A dart slug (D:1)
  2 leopard geckos
  5 bats
  2 giant cockroaches (D:1)
  2 hobgoblins
  5 jackals (D:2)
  A ball python (D:1)
  A frilled lizard (D:1)
  5 kobolds
  3 rats (D:1)
32 creatures vanquished.

Notes
Turn   | Place    | Note
-------+----------+-------------------------------------------
     0 | D:1      | Borgoz the Kobold Gladiator began the quest for the Orb.
     0 | D:1      | Reached XP level 1. HP: 12/12 MP: 1/1
   180 | D:1      | Reached XP level 2. HP: 14/17 MP: 2/2
   986 | D:2      | Found a burning altar of Makhleb.
   993 | D:1      | Reached XP level 3. HP: 19/22 MP: 3/3
  1111 | D:1      | Reached skill level 1 in Armour
  1111 | D:1      | Reached skill level 1 in Stealth
  1242 | D:1      | Reached XP level 4. HP: 11/27 MP: 4/4
  1671 | D:2      | HP: 1/27 [adder (3)]
  1671 | D:2      | Slain by an adder

Skill      XL: |  1  2  3 |
---------------+----------+-----
Dodging        | 4 |  4.3
Armour         | 1 |  1.3
Stealth        | 1 |  1.3
Fighting       | |  2.6
Short Blades   | |  4.7
Throwing       | |  2.5

Action                   |  1- 3 |  4- 6 || total
-------------------------+-------+-------++-------
Melee: Rapier            |    68 |    48 ||   116
  Use: Potion            |       |     2 ||     2
 Stab: Sleeping          |     3 |     1 ||     4
  Eat: Chunk             |     9 |     2 ||    11
Armor: Leather armour    |    15 |     9 ||    24
Dodge: Dodged            |    77 |    60 ||   137
